 Dungeon Crawl Stone Soup version 0.21-a0-352-g5b8f553 (webtiles) character file.

232 tidbits the Charmwright (level 6, 0/50 HPs)
             Began as a Gnoll Skald on Oct 10, 2017.
             Slain by a kobold (2 damage)
             ... in a sewer.
             The game lasted 00:03:11 (499 turns).

tidbits the Charmwright (Gnoll Skald)                Turns: 499, Time: 00:03:12

Health: 0/50       AC:  3    Str: 14      XL:     6   Next: 4%
Magic:  6/13       EV: 20    Int: 15 (17) God:
Gold:   86         SH:  0    Dex: 18 (19) Spells: 4/15 levels left

rFire    . . .     SeeInvis .   p - +0 short sword (venom)
rCold    . . .     Gourm    .   (no shield)
rNeg     . . .     Faith    .   b - +0 leather armour
rPois    .         Spirit   .   (no helmet)
rElec    .         Reflect  .   (no cloak)
rCorr    .         Harm     .   (no gloves)
MR       .....                  (no boots)
Stlth    +++.......             (no amulet)
HPRegen  0.16/turn              (no ring)
MPRegen  0.13/turn              (no ring)

@: agile
A: distributed training, fangs 1, strong nose
a: no special abilities


You were in a sewer.
You were not hungry.

You visited 1 branch of the dungeon, and saw 3 of its levels.
You also visited: Sewer.

You collected 86 gold pieces.

Inventory:

Hand Weapons
 a - a +0 hand axe
 n - a +0 blowgun
 p - a +0 short sword of venom (weapon)
   (You took it off a kobold in a sewer)
Armour
 b - a +0 leather armour (worn)
Wands
 k - a wand of iceblast (7/15)
Scrolls
 f - 2 scrolls of enchant weapon {unknown}
 g - 2 scrolls of identify {unknown}
 h - a scroll of fog {unknown}
 i - a scroll of teleportation {unknown}
 j - 2 scrolls of immolation {unknown}
 o - a scroll of remove curse {unknown}
Potions
 m - a potion of degeneration
Books
 c - a book of Battle

   Spells                             Type                      Level
   a - Infusion                       Charms                       1
   b - Shroud of Golubria             Charms/Translocation         2
   c - Song of Slaying                Charms                       2
   d - Spectral Weapon                Hexes/Charms                 3
   e - Regeneration                   Charms/Necromancy            3
Comestibles
 d - 2 bread rations


   Skills:
 + Level 4.9 Fighting
 + Level 1.7 Short Blades
 + Level 1.7 Long Blades
 + Level 4.9 Axes
 + Level 1.7 Maces & Flails
 + Level 1.7 Polearms
 + Level 1.7 Staves
 + Level 1.7 Slings
 + Level 1.7 Bows
 + Level 1.7 Crossbows
 + Level 1.7 Throwing
 + Level 3.1 Armour
 + Level 4.9 Dodging
 + Level 1.7 Stealth
 + Level 1.7 Shields
 + Level 1.7 Unarmed Combat
 + Level 5.2 Spellcasting
 + Level 1.7 Conjurations
 + Level 1.7 Hexes
 + Level 6.7 Charms
 + Level 1.7 Summonings
 + Level 1.7 Necromancy
 + Level 1.7 Translocations
 + Level 1.7 Transmutations
 + Level 1.7 Fire Magic
 + Level 1.7 Ice Magic
 + Level 1.7 Air Magic
 + Level 1.7 Earth Magic
 + Level 1.7 Poison Magic
 + Level 1.7 Invocations
 + Level 1.7 Evocations


You had 4 spell levels left.
You knew the following spells:

 Your Spells              Type           Power        Failure   Level  Hunger
g - Shroud of Golubria    Chrm/Tloc      ###.......   4%          2    ##.....
i - Infusion              Chrm           ###.         1%          1    None
r - Regeneration          Chrm/Necr      ###.......   10%         3    ###....
w - Spectral Weapon       Hex/Chrm       ###.....     10%         3    ###....
y - Song of Slaying       Chrm           ###.....     1%          2    ##.....


Dungeon Overview and Level Annotations

Branches:
Dungeon (3/15)

Altars:


Innate Abilities, Weirdness & Mutations

Your experience applies equally to all skills.
You have very sharp teeth.
Your uncanny sense of smell can sniff out nearby items.


Message History

The big kobold closely misses you. The big kobold completely misses you.
You barely miss the big kobold.
The big kobold is heavily wounded.
Your spectral weapon hits the big kobold but does no damage.
The big kobold looks as sick as possible!
The big kobold hits you with an uncursed short sword.
* * * LOW HITPOINT WARNING * * *
The big kobold barely misses you.
You hit the big kobold but do no damage.
The big kobold looks as sick as possible!
The big kobold is almost dead.
Your spectral weapon hits the big kobold but does no damage.
The big kobold hits your spectral weapon with an uncursed short sword!
Your spectral weapon shares its damage with you!
Your spectral weapon fades away.
* * * LOW HITPOINT WARNING * * *
The kobold throws a stone.
The stone closely misses you.
You hit the big kobold but do no damage.
The big kobold is moderately wounded.
You kill the big kobold!
You feel your strength returning.
You have reached level 5!
The big kobold throws a stone.
The stone misses you.
The big kobold splashes around in the water.
The kobold throws a stone.
The stone closely misses you.
The kobold throws a stone.
The stone barely misses you.
Casting: Spectral Weapon
Confirm with . or Enter, or press ? or * to list all spells.
You draw out your weapon's spirit!
The big kobold hits your spectral weapon.
The big kobold hits you with a dagger.
* * * LOW HITPOINT WARNING * * *
The kobold throws a stone.
The stone barely misses your spectral weapon.
The stone closely misses you.
The kobold throws a stone.
The stone hits you.
* * * LOW HITPOINT WARNING * * *
You barely miss the big kobold.
The big kobold is moderately wounded.
Your spectral weapon hits the big kobold.
The big kobold looks even sicker.
The big kobold throws a stone.
The stone hits your spectral weapon.
Your spectral weapon shares its damage with you!
* * * LOW HITPOINT WARNING * * *
The big kobold hits your spectral weapon with a dagger.
Your spectral weapon shares its damage with you!
* * * LOW HITPOINT WARNING * * *
The kobold hits your spectral weapon but does no damage.
The kobold throws a stone.
The stone misses you.
You hit the big kobold.
The big kobold looks as sick as possible!
The big kobold is heavily wounded.
Your spectral weapon hits the big kobold!
The big kobold looks as sick as possible!
The big kobold throws a stone.
The stone barely misses your spectral weapon.
The stone closely misses you.
The big kobold hits your spectral weapon but does no damage.
The kobold hits your spectral weapon but does no damage.
The kobold throws a stone.
The stone closely misses you.
You hit the big kobold.
You kill the big kobold!
You hear a splash. x2
You feel your dexterity returning.
Your Armour skill increases to level 3!
You have reached level 6!
Your experience leads to an increase in your attributes!
Your base attributes are Str 14, Int 16, Dex 14.
Increase (S)trength, (I)ntelligence, or (D)exterity?
You feel clever.
The big kobold hits your spectral weapon.
Your spectral weapon shares its damage with you!
* * * LOW HITPOINT WARNING * * *
The kobold throws a stone.
The stone closely misses you.
The kobold barely misses your spectral weapon.
You swap places.
The big kobold hits you but does no damage.
The kobold hits you but does no damage.
There is a large open door here.
You see here a stone.
You closely miss the kobold.
Your spectral weapon hits the kobold but does no damage.
The kobold is poisoned.
The big kobold hits you but does no damage.
The kobold completely misses you. The kobold hits you with a whip.
* * * LOW HITPOINT WARNING * * *
You hit the kobold but do no damage.
The kobold looks as sick as possible!
Your bite misses the kobold.
You kill the kobold!
The big kobold hits you.
* * * LOW HITPOINT WARNING * * *
The kobold closely misses you.
You closely miss the kobold.
Your spectral weapon hits the kobold.
The big kobold hits you.
* * * LOW HITPOINT WARNING * * *
The kobold closely misses you.
It was a potion of agility.
You feel agile all of a sudden.
The big kobold hits you but does no damage.
The kobold hits you.
You die...

## ### ###.####..
#####.........
###.(...........
#....(..........
#######...............
#!?..#P...............
#!..K@((≈..(P≈≈...P...
#.∩.K()≈....≈≈≈≈≈≈...≈
#...!#≈≈≈.≈≈P≈≈P≈P..P≈
##############≈#######
≈≈≈≈≈ ≈≈ ≈≈≈≈≈≈≈≈≈≈≈
≈≈≈≈≈≈≈≈≈≈≈≈≈
########≈≈≈≈# ∆ ≈≈≈≈


You could see a big kobold, a kobold and a friendly spectral short sword of
venom.

Vanquished Creatures
  2 big kobolds (Sewer)
  A jelly (D:2)
  2 adders
  A river rat (D:3)
  A dart slug (D:1)
  A leopard gecko (D:2)
  3 ball pythons
  3 bats
  2 giant cockroaches (Sewer)
  4 goblins
  4 hobgoblins
  4 kobolds
  A quokka (D:2)
  8 rats
37 creatures vanquished.

Vanquished Creatures (others)
  A spectral weapon (Sewer)
1 creature vanquished.

Grand Total: 38 creatures vanquished

Notes
Turn   | Place    | Note
-------+----------+-------------------------------------------
     0 | D:1      | tidbits the Gnoll Skald began the quest for the Orb.
     0 | D:1      | Reached XP level 1. HP: 20/20 MP: 6/6
    81 | D:2      | Reached XP level 2. HP: 21/26 MP: 3/7
    85 | D:2      | Learned a level 2 spell: Song of Slaying
    88 | D:2      | Learned a level 2 spell: Shroud of Golubria
   164 | D:2      | Reached XP level 3. HP: 28/31 MP: 0/9
   169 | D:2      | Learned a level 3 spell: Regeneration
   176 | D:2      | Learned a level 3 spell: Spectral Weapon
   237 | D:2      | Reached skill level 1 in Short Blades
   237 | D:2      | Reached skill level 1 in Long Blades
   237 | D:2      | Reached skill level 1 in Maces & Flails
   237 | D:2      | Reached skill level 1 in Polearms
   237 | D:2      | Reached skill level 1 in Staves
   237 | D:2      | Reached skill level 1 in Slings
   237 | D:2      | Reached skill level 1 in Bows
   237 | D:2      | Reached skill level 1 in Crossbows
   237 | D:2      | Reached skill level 1 in Throwing
   237 | D:2      | Reached skill level 1 in Stealth
   237 | D:2      | Reached skill level 1 in Shields
   237 | D:2      | Reached skill level 1 in Unarmed Combat
   237 | D:2      | Reached skill level 5 in Spellcasting
   237 | D:2      | Reached skill level 1 in Conjurations
   237 | D:2      | Reached skill level 1 in Hexes
   237 | D:2      | Reached skill level 1 in Summonings
   237 | D:2      | Reached skill level 1 in Necromancy
   237 | D:2      | Reached skill level 1 in Translocations
   237 | D:2      | Reached skill level 1 in Transmutations
   237 | D:2      | Reached skill level 1 in Fire Magic
   237 | D:2      | Reached skill level 1 in Ice Magic
   237 | D:2      | Reached skill level 1 in Air Magic
   237 | D:2      | Reached skill level 1 in Earth Magic
   237 | D:2      | Reached skill level 1 in Poison Magic
   237 | D:2      | Reached skill level 1 in Invocations
   237 | D:2      | Reached skill level 1 in Evocations
   285 | D:2      | Reached XP level 4. HP: 34/38 MP: 3/11
   341 | D:3      | Found a glowing drain.
   364 | Sewer    | Entered a sewer
   414 | Sewer    | HP: 3/38 [poisoned by a kobold]
   480 | Sewer    | Noticed a big kobold
   480 | Sewer    | Noticed a big kobold
   480 | Sewer    | Noticed a big kobold
   490 | Sewer    | Killed a big kobold
   490 | Sewer    | Reached XP level 5. HP: 18/43 MP: 8/12
   494 | Sewer    | Killed a big kobold
   494 | Sewer    | Reached skill level 3 in Armour
   494 | Sewer    | Reached XP level 6. HP: 11/50 MP: 5/13
   497 | Sewer    | HP: 5/50 [big kobold (5)]
   498 | Sewer    | HP: 2/50 [big kobold (3)]
   499 | Sewer    | Slain by a kobold

Vault maps used:
D:1:      grunt_arrival_lava_bath, st_stairs_12, hangedman_decor_push,
          minivault_4, serial_bayou_pond_c, patterned_corridor
D:2:      first_bread
D:3:      portal_sewer_entry_c, minmay_misc_feat_doors
Sewer:    kennysheep_pipe_town

Skill      XL: |  1  2  3  4  5 |
---------------+----------------+-----
Short Blades   | 1 |  1.7
Long Blades    | 1 |  1.7
Maces & Flails | 1 |  1.7
Polearms       | 1 |  1.7
Staves         | 1 |  1.7
Slings         | 1 |  1.7
Bows           | 1 |  1.7
Crossbows      | 1 |  1.7
Throwing       | 1 |  1.7
Stealth        | 1 |  1.7
Shields        | 1 |  1.7
Unarmed Combat | 1 |  1.7
Spellcasting   | 5 |  5.2
Conjurations   | 1 |  1.7
Hexes          | 1 |  1.7
Summonings     | 1 |  1.7
Necromancy     | 1 |  1.7
Translocations | 1 |  1.7
Transmutations | 1 |  1.7
Fire Magic     | 1 |  1.7
Ice Magic      | 1 |  1.7
Air Magic      | 1 |  1.7
Earth Magic    | 1 |  1.7
Poison Magic   | 1 |  1.7
Invocations    | 1 |  1.7
Evocations     | 1 |  1.7
Armour         | 3 |  3.1
Fighting       | |  4.9
Axes           | |  4.9
Dodging        | |  4.9
Charms         | |  6.7

Action                   |  1- 3 |  4- 6 || total
-------------------------+-------+-------++-------
Melee: Hand axe          |    35 |    23 ||    58
       Bite              |     1 |     1 ||     2
       Short sword       |       |    24 ||    24
       Punch             |       |     1 ||     1
 Cast: Infusion          |     6 |       ||     6
       Shroud of Golubri |     1 |       ||     1
       Spectral Weapon   |     1 |     6 ||     7
  Use: Potion            |       |     4 ||     4
 Stab: Sleeping          |     1 |       ||     1
Armor: Leather armour    |     9 |    10 ||    19
Dodge: Dodged            |    26 |    56 ||    82

Table legend:
 A = Spawn XP
 B = Non-spawn XP
 C = Spawn XP percentage of total XP
 D = Spawn monster count
 E = Non-spawn monster count
 F = Spawn count percentage of total count
 G = Total turns spent on level
                    A         B        C        D         E        F      G
               +---------+---------+-------+---------+---------+-------+---------
         Total |       0 |     332 |   0.0 |       0 |      37 |   0.0 |   499
               +---------+---------+-------+---------+---------+-------+---------
           D:1 |       0 |      10 |   0.0 |       0 |       5 |   0.0 |   127
           D:2 |       0 |      78 |   0.0 |       0 |      14 |   0.0 |   194
           D:3 |       0 |      35 |   0.0 |       0 |       8 |   0.0 |    43
         Sewer |       0 |     209 |   0.0 |       0 |      10 |   0.0 |   135
               +---------+---------+-------+---------+---------+-------+---------

Table legend:
 A = Turns spent in this place as a percentage of turns spent in the entire game.
 B = Non-inter-level travel turns spent in this place as a percentage of non-inter-level travel turns spent in the entire game.
 C = Inter-level travel turns spent in this place as a percentage of turns spent in this place.
 D = Turns resting spent in this place as a percentage of non-inter-level travel turns spent in this place.
 E = Turns spent auto-exploring this place as a percentage of non-inter-level travel turns spent in this place.
 F = Non-inter-level travel turns spent in this place divided by the number of levels of this place that you've seen.
                   A       B       C       D       E      F
               +-------+-------+-------+-------+-------+----------------------
         Total | 100.0 | 100.0 |   5.4 |   0.0 |   0.0 | 118.0
       Dungeon |  72.9 |  71.4 |   7.4 |   0.0 |   0.0 | 112.3
         Sewer |  27.1 |  28.6 |   0.0 |   0.0 |   0.0 | 135.0
               +-------+-------+-------+-------+-------+----------------------

Table legend:
 A = Kills in this place as a percentage of kills in entire the game.
 B = Kills by you in this place as a percentage of kills by you in the entire game.
 C = Kills by friends in this place as a percentage of kills by friends in the entire game.
 D = Other kills in this place as a percentage of other kills in the entire game.
 E = Experience gained in this place as a percentage of experience gained in the entire game.
 F = Experience gained in this place divided by the number of levels of this place that you have seen.
                   A       B       C       D       E      F
               +-------+-------+-------+-------+-------+----------------------
         Total | 100.0 | 100.0 |   N/A |   N/A | 100.0 |  83.0
       Dungeon |  73.0 |  73.0 |   N/A |   N/A |  37.0 |  41.0
         Sewer |  27.0 |  27.0 |   N/A |   N/A |  63.0 | 209.0
               +-------+-------+-------+-------+-------+----------------------

Vault maps used:
D:1:      grunt_arrival_lava_bath, st_stairs_12, hangedman_decor_push,
          minivault_4, serial_bayou_pond_c, patterned_corridor
D:2:      first_bread
D:3:      portal_sewer_entry_c, minmay_misc_feat_doors
Sewer:    kennysheep_pipe_town
